[Event "European Women Rapid-ch 2023"]
[Site "Monaco"]
[Date "2024.01.13"]
[Round "5.24"]
[White "Iasman, Inna"]
[Black "Hoang, Thanh Trang"]
[Result "0-1"]
[ECO "A90"]
[WhiteElo "1889"]
[BlackElo "2382"]
[Annotator "TA"]
[PlyCount "30"]
[EventDate "2023.12.19"]
[EventType "swiss"]
[EventCountry "MNC"]
[SourceTitle "playchess.com"]
[Source "ChessBase"]
[SourceQuality "1"]
[TimeControl "900+10"]

1. d4 e6 2. c4 f5 3. g3 Nf6 4. Bg2 c6 5. Nc3 d5 6. Nf3 Bd6 7. b3 O-O 8. O-O Qe7 9. a3 Nbd7 10. Bb2 b6 11. Qc2 {[%emt 0:00:54] The position is equal.} Bb7 12. Rfe1 Rac8 13. Ne5 Nxe5 $17 14. dxe5 Bxe5 15. Nxd5 $2 {[%emt 0:00:20][%mdl 8192] [#]} exd5 {[%emt 0:00:14] White got outplayed after the opening.   Weighted Error Value: White=1.05/Black=0.05 (flawless) .  Loses game:     	White=1     	---        Mistake:       	White=1     	---        Inaccurate:     	---       	Black=1      OK:         	---       	Black=4} 0-1

[Event "European Women Rapid-ch 2023"]
[Site "Monaco"]
[Date "2024.01.13"]
[Round "5.25"]
[White "Hejazipour, Mitra"]
[Black "Galvan Cipriani, Viviana"]
[Result "1/2-1/2"]
[ECO "E61"]
[WhiteElo "2356"]
[BlackElo "2104"]
[Annotator "ChessBase"]
[PlyCount "115"]
[EventDate "2023.12.19"]
[EventType "swiss"]
[EventCountry "MNC"]
[SourceTitle "playchess.com"]
[Source "ChessBase"]
[SourceQuality "1"]
[TimeControl "900+10"]

1. Nf3 Nf6 2. c4 c5 3. e3 Nc6 4. b3 g6 5. Bb2 Bg7 6. d4 cxd4 7. exd4 d5 8. Be2 O-O 9. O-O h6 10. Nbd2 Be6 11. a3 Rc8 12. c5 a5 13. Bb5 Na7 14. Bd3 Nc6 15. Bc3 Nh5 16. b4 Bg4 17. h3 Bxh3 18. b5 Nb8 19. Ne1 Bd7 20. Qf3 Nf6 21. a4 Bg4 22. Qf4 b6 23. c6 Qc7 24. Qxc7 Rxc7 25. Bb2 Ne8 26. Nef3 Nd6 27. Ne5 Bf5 28. Be2 h5 29. Bf3 e6 30. Rac1 Bh6 31. Rfd1 f6 32. Ba3 Bxd2 33. Rxd2 Rd8 34. Bxd6 Rxd6 35. Nd3 Bxd3 36. Rxd3 Nd7 37. Re1 Nf8 38. Rde3 f5 39. Bd1 Kg7 40. Kh2 Kf6 41. f3 Rd8 42. Re5 Rh7 43. Bb3 Rc7 44. g4 Rh7 45. gxf5 gxf5 46. Rc1 Rc8 47. Rce1 Rd8 48. R5e3 Rg7 49. Bd1 Rc8 50. f4 Rh7 51. Kg3 Rcc7 52. Kf2 h4 53. Kg2 Rh6 54. Kh3 Kf7 55. Rg1 Ng6 56. Rf3 Kf6 57. Rf2 Rg7 58. Kh2 1/2-1/2

[Event "European Women Rapid-ch 2023"]
[Site "Monaco"]
[Date "2024.01.13"]
[Round "5.26"]
[White "Piddubna, Bozhena"]
[Black "Gaprindashvili, Nona"]
[Result "1-0"]
[ECO "A44"]
[WhiteElo "2035"]
[BlackElo "2243"]
[Annotator "TA"]
[PlyCount "77"]
[EventDate "2023.12.19"]
[EventType "swiss"]
[EventCountry "MNC"]
[SourceTitle "playchess.com"]
[Source "ChessBase"]
[SourceQuality "1"]
[TimeControl "900+10"]

1. d4 c5 2. d5 e5 3. e4 d6 4. Nf3 g6 5. Be2 Nh6 6. h4 f6 7. Bd2 Bg7 8. Qc1 {[%emt 0:00:48] White is more active. White is better.} Nf7 9. Rg1 (9. h5 $16) 9... f5 10. Nc3 O-O {[%emt 0:03:47] [#]} (10... h6 $11) 11. h5 $1 $16 f4 12. hxg6 hxg6 13. g3 g5 14. gxf4 exf4 {[%emt 0:00:31] [#]} 15. Nxg5 $1 Nxg5 16. Bxf4 Rxf4 17. Qxf4 Nh3 {[%emt 0:00:01][%csl LRf4,LRg1] [#]} 18. Rxg7+ $1 Kxg7 19. Qg3+ Qg5 20. Qxg5+ Nxg5 {[%emt 0:00:03] [#]} 21. Nb5 $1 $36 {[%emt 0:00:01][%mdl 2048] White is in control.} (21. f4 $6 Nh3 $11) 21... Na6 {[%emt 0:01:09] Wards off Nc7} (21... Nxe4 $2 {too greedy.} 22. Nc7 $18) (21... Nd7 $16 {is a better defense.}) 22. Nxd6 $18 Nc7 (22... Nf7 $142) 23. O-O-O (23. f4 Nxe4 24. Nxe4 Nxd5 $16) 23... Nf7 24. Nxf7 Kxf7 25. d6 Ne6 26. d7 Bxd7 27. Rxd7+ {[%emt 0:00:01][%mdl 4096] Endgame. KRB-KRN} Kf6 28. Rxb7 Rh8 29. b3 Rh2 30. Rxa7 Rxf2 31. Bc4 {[%emt 0:00:16] Threatens to win with Ra6.} Nf4 32. Rc7 Ke5 33. Rxc5+ Kd4 34. Rc8 Kc3 35. Ba6+ Kb4 36. Kb2 Ne6 37. a3+ (37. Rc6 $142 Rxc2+ 38. Rxc2 Ka5 39. e5 Kb6 40. Bc8 Ng7 41. Bh3 Ne8 42. e6) 37... Ka5 38. b4+ Kxa6 39. Rc6+ {[%emt 0:00:02] Weighted Error Value: White=0.08 (flawless) /Black=0.76.  Mistake:       	White=1     	Black=3      Inaccurate:     	White=1     	Black=4      OK:         	White=11    	Black=6      Best:        	White=3     	Black=2      Strong:       	White=1     	---        Brilliant:      	White=1     	---} 1-0

[Event "European Women Rapid-ch 2023"]
[Site "Monaco"]
[Date "2024.01.13"]
[Round "5.27"]
[White "Calzetta Ruiz, Monica"]
[Black "Follana Albelda, Lucia"]
[Result "1-0"]
[ECO "B91"]
[WhiteElo "2241"]
[BlackElo "1885"]
[Annotator "ChessBase"]
[PlyCount "64"]
[EventDate "2023.12.19"]
[EventType "swiss"]
[EventCountry "MNC"]
[SourceTitle "playchess.com"]
[Source "ChessBase"]
[SourceQuality "1"]
[TimeControl "900+10"]

1. e4 c5 2. Nf3 d6 3. d4 cxd4 4. Nxd4 Nf6 5. Nc3 a6 6. g3 e5 7. Nde2 Be7 8. Bg2 O-O 9. O-O Qc7 10. h3 b5 11. g4 b4 12. Nd5 Nxd5 13. Qxd5 Bb7 14. Qd3 a5 15. c4 Nd7 16. Ng3 Nc5 17. Qe2 Rfc8 18. Be3 Ne6 19. Rac1 Bg5 20. Bxg5 Nxg5 21. Rfd1 Ne6 22. Qe3 g6 23. Bf1 Kg7 24. Kh2 Qe7 25. Rd2 Qf6 26. Rxd6 Rh8 27. c5 Qe7 28. Rcd1 Qe8 29. Bc4 Bc8 30. c6 Nf4 31. Qc5 h5 32. Rd8 Qxd8 1-0

[Event "European Women Rapid-ch 2023"]
[Site "Monaco"]
[Date "2024.01.14"]
[Round "6.1"]
[White "Batsiashvili, Nino"]
[Black "Kosteniuk, Alexandra"]
[Result "0-1"]
[ECO "D56"]
[WhiteElo "2451"]
[BlackElo "2501"]
[Annotator "RC"]
[PlyCount "58"]
[EventDate "2023.12.19"]
[EventType "swiss"]
[EventCountry "MNC"]
[SourceTitle "playchess.com"]
[Source "ChessBase"]
[SourceQuality "1"]
[TimeControl "900+10"]

1. d4 Nf6 2. c4 e6 3. Nf3 d5 4. Nc3 Bb4 5. Bg5 h6 6. Bxf6 Qxf6 7. e3 O-O 8. Rc1 Nc6 9. Be2 dxc4 10. O-O Bxc3 11. Rxc3 e5 12. dxe5 Nxe5 13. Nxe5 Qxe5 14. Bxc4 c6 15. f4 Qe4 16. Bd3 Qxe3+ 17. Kh1 Qe7 18. f5 Qf6 19. Qb3 Re8 20. Bb1 Be6 21. Qxb7 Bd5 22. Qa6 Rab8 23. Rg3 Rxb2 24. Bd3 Rxa2 25. Qb7 Ra1 26. Bb1 Qxf5 27. Rg1 Qe5 28. Qb4 Rb8 29. Qg4 Raxb1 0-1

[Event "European Women Rapid-ch 2023"]
[Site "Monaco"]
[Date "2024.01.14"]
[Round "6.2"]
[White "Khademalsharieh, Sarasadat"]
[Black "Osmak, Yuliia"]
[Result "0-1"]
[ECO "E51"]
[WhiteElo "2486"]
[BlackElo "2450"]
[Annotator "RC"]
[PlyCount "96"]
[EventDate "2023.12.19"]
[EventType "swiss"]
[EventCountry "MNC"]
[SourceTitle "playchess.com"]
[Source "ChessBase"]
[SourceQuality "1"]
[TimeControl "900+10"]

1. d4 Nf6 2. c4 e6 3. Nc3 Bb4 4. e3 O-O 5. Bd2 d5 6. Nf3 b6 7. Rc1 Bb7 8. cxd5 exd5 9. Bd3 Re8 10. O-O Bf8 11. Ne5 c5 12. f4 Nc6 13. Ne2 Rc8 14. Be1 Ne4 15. Bxe4 dxe4 16. Nxf7 Kxf7 17. Qb3+ Kg6 18. f5+ Kh6 19. Nf4 Qf6 20. Qd1 g6 21. fxg6 hxg6 22. Qg4 Qf5 23. Qh4+ Kg7 24. g4 Be7 25. Qxe7+ Nxe7 26. gxf5 Nxf5 27. dxc5 Rxc5 28. Rxc5 bxc5 29. Bc3+ Kh6 30. Rd1 Nxe3 31. Rd6 Rg8 32. Rd7 Bc8 33. Rxa7 Kg5 34. Rf7 Bf5 35. Ne2 Kg4 36. Be5 Kf3 37. Nc3 Rd8 38. h4 Rd2 39. Bg7 Rg2+ 40. Kh1 Ng4 41. Nxe4 Rh2+ 42. Kg1 Kxe4 43. Rb7 c4 44. Ra7 Kf3 45. Ra3+ Bd3 46. Bd4 Rg2+ 47. Kh1 Nf2+ 48. Bxf2 Rxf2 0-1

[Event "European Women Rapid-ch 2023"]
[Site "Monaco"]
[Date "2024.01.14"]
[Round "6.3"]
[White "Guichard, Pauline"]
[Black "Khotenashvili, Bella"]
[Result "0-1"]
[ECO "A50"]
[WhiteElo "2385"]
[BlackElo "2467"]
[Annotator "RC"]
[PlyCount "68"]
[EventDate "2023.12.19"]
[EventType "swiss"]
[EventCountry "MNC"]
[SourceTitle "playchess.com"]
[Source "ChessBase"]
[SourceQuality "1"]
[TimeControl "900+10"]

1. d4 Nf6 2. c4 b6 3. Nc3 Bb7 4. d5 e6 5. a3 exd5 6. cxd5 c6 7. g3 cxd5 8. Bg2 Na6 9. b4 Nc7 10. Nf3 a5 11. Rb1 axb4 12. axb4 Ne6 13. O-O Be7 14. Be3 O-O 15. Qb3 Bc6 16. Ra1 Qc7 17. Rfc1 Qd6 18. b5 Bb7 19. Nd4 Nxd4 20. Bxd4 Ne4 21. Qb2 Nxc3 22. Qxc3 Rxa1 23. Rxa1 Rc8 24. Qe3 Bf6 25. Ra7 Bxd4 26. Qxd4 Rc1+ 27. Bf1 Rc7 28. h4 h6 29. Bg2 Kh7 30. Be4+ g6 31. Bd3 Bc8 32. Ra8 h5 33. Rb8 Rc1+ 34. Kg2 Qxb8 0-1

[Event "European Women Rapid-ch 2023"]
[Site "Monaco"]
[Date "2024.01.14"]
[Round "6.4"]
[White "Hrebenshchykova, Yelyzaveta"]
[Black "Paehtz, Elisabeth"]
[Result "0-1"]
[ECO "B92"]
[WhiteElo "2275"]
[BlackElo "2461"]
[Annotator "RC"]
[PlyCount "86"]
[EventDate "2023.12.19"]
[EventType "swiss"]
[EventCountry "MNC"]
[SourceTitle "playchess.com"]
[Source "ChessBase"]
[SourceQuality "1"]
[TimeControl "900+10"]

1. e4 c5 2. Nf3 d6 3. Nc3 Nf6 4. d4 cxd4 5. Nxd4 a6 6. Be2 e5 7. Nf3 h6 8. Bc4 Be7 9. a4 Nc6 10. O-O O-O 11. Re1 Be6 12. Bd5 Rc8 13. h3 Bxd5 14. Nxd5 Nxd5 15. exd5 Nb8 16. b3 Nd7 17. c4 a5 18. Ba3 Qc7 19. Nd4 Rfe8 20. Nf5 Bf8 21. Qg4 g6 22. Re3 Nc5 23. Rae1 Kh7 24. Bxc5 Qxc5 25. Rg3 Qc7 26. Ree3 Rcd8 27. h4 Qd7 28. Ref3 h5 29. Qh3 e4 30. Rf4 Re5 31. Nd4 Bh6 32. Rf6 Qe7 33. Re6 fxe6 34. Nxe6 Re8 35. Rc3 Rxe6 36. dxe6 Qxe6 37. Qg3 Bg7 38. Re3 Bd4 39. Re2 Qe5 40. Qh3 Qf5 41. Qg3 Bc5 42. Kh2 Qe5 43. f4 Qf5 0-1

[Event "European Women Rapid-ch 2023"]
[Site "Monaco"]
[Date "2024.01.14"]
[Round "6.5"]
[White "Papp, Petra"]
[Black "Hunt, Harriet V"]
[Result "1-0"]
[ECO "B35"]
[WhiteElo "2267"]
[BlackElo "2306"]
[Annotator "RC"]
[PlyCount "109"]
[EventDate "2023.12.19"]
[EventType "swiss"]
[EventCountry "MNC"]
[SourceTitle "playchess.com"]
[Source "ChessBase"]
[SourceQuality "1"]
[TimeControl "900+10"]

1. e4 c5 2. Nc3 Nc6 3. Nge2 g6 4. d4 cxd4 5. Nxd4 Bg7 6. Be3 Nf6 7. Bc4 O-O 8. Bb3 Qa5 9. f3 Rb8 10. Qd2 Nxd4 11. Bxd4 b5 12. O-O-O Bb7 13. Kb1 b4 14. Nd5 Bxd5 15. exd5 d6 16. h4 Qc7 17. g4 a5 18. h5 Ra8 19. Ba4 Rfb8 20. hxg6 fxg6 21. Rde1 Rf8 22. Qe2 Rf7 23. Qe6 Qc8 24. Bc6 Rb8 25. Ba7 Qxe6 26. dxe6 Rff8 27. Bxb8 Rxb8 28. Rd1 Rb6 29. Ba4 h6 30. Rhe1 Rb8 31. Rd3 Rc8 32. Bb3 Rc5 33. c3 bxc3 34. Rxc3 Rxc3 35. bxc3 Ne8 36. f4 Nc7 37. f5 gxf5 38. gxf5 Bf6 39. a4 h5 40. Bd1 h4 41. Kc2 Nd5 42. Rg1+ Kf8 43. Kd3 Nxc3 44. Bb3 d5 45. Rh1 d4 46. Rg1 Be5 47. Rg6 h3 48. Rh6 h2 49. f6 Bxf6 50. Rxh2 Kg7 51. Rg2+ Kh6 52. Rg8 Be5 53. Ra8 Bc7 54. Ra7 Bd6 55. Rxa5 1-0

[Event "European Women Rapid-ch 2023"]
[Site "Monaco"]
[Date "2024.01.14"]
[Round "6.6"]
[White "Krasteva, Beloslava"]
[Black "Ushenina, Anna"]
[Result "0-1"]
[ECO "D37"]
[WhiteElo "2251"]
[BlackElo "2415"]
[Annotator "RC"]
[PlyCount "124"]
[EventDate "2023.12.19"]
[EventType "swiss"]
[EventCountry "MNC"]
[SourceTitle "playchess.com"]
[Source "ChessBase"]
[SourceQuality "1"]
[TimeControl "900+10"]

1. d4 d5 2. c4 e6 3. Nc3 a6 4. cxd5 exd5 5. Nf3 Nf6 6. Bg5 Be6 7. e3 Nbd7 8. Bd3 Bd6 9. O-O c6 10. Bf4 Qc7 11. Qd2 h6 12. Rab1 Bg4 13. Bxd6 Qxd6 14. Nh4 O-O 15. h3 Be6 16. Rfc1 Nb6 17. Nf3 Rfe8 18. Ne5 Nfd7 19. f4 f6 20. Nf3 Nf8 21. Ne2 Qd7 22. Ng3 Nc8 23. f5 Bf7 24. b3 Nd6 25. Re1 Re7 26. Rbd1 Rae8 27. Kf2 Kh8 28. Qc2 Bg8 29. Nh5 Bf7 30. Nf4 Ne4+ 31. Bxe4 Rxe4 32. g4 Qd6 33. Qd2 Nd7 34. Rc1 Nb6 35. Nd3 R4e7 36. Nc5 Nc8 37. a4 Qc7 38. a5 Nd6 39. Qb4 Ne4+ 40. Nxe4 dxe4 41. Ng1 Qh2+ 42. Kf1 Qg3 43. Rc2 h5 44. Rg2 Qh4 45. Qc3 c5 46. dxc5 Rd7 47. b4 Rd3 48. Qc1 Red8 49. c6 bxc6 50. Qxc6 Rd2 51. Qc3 Bc4+ 52. Ne2 Bb5 53. gxh5 Rxe2 54. Rgxe2 Qxh3+ 55. Kg1 Bxe2 56. Rxe2 Qg3+ 57. Kf1 Qf3+ 58. Ke1 Qh1+ 59. Kf2 Qh2+ 60. Kf1 Rd1+ 61. Re1 Rd2 62. Qc8+ Kh7 0-1

[Event "European Women Rapid-ch 2023"]
[Site "Monaco"]
[Date "2024.01.14"]
[Round "6.7"]
[White "Wagner, Dinara"]
[Black "Hryshchenko, Kamila"]
[Result "1/2-1/2"]
[ECO "E63"]
[WhiteElo "2459"]
[BlackElo "2192"]
[Annotator "RC"]
[PlyCount "116"]
[EventDate "2023.12.19"]
[EventType "swiss"]
[EventCountry "MNC"]
[SourceTitle "playchess.com"]
[Source "ChessBase"]
[SourceQuality "1"]
[TimeControl "900+10"]

1. d4 d6 2. Nf3 g6 3. c4 Bg7 4. Nc3 Nf6 5. g3 O-O 6. Bg2 Nc6 7. O-O a6 8. b3 Rb8 9. Bb2 Bd7 10. Rc1 Qc8 11. Re1 Bg4 12. Qd2 Rd8 13. d5 Ne5 14. Nxe5 dxe5 15. e4 h5 16. Na4 Nh7 17. h4 Bf6 18. Nc5 g5 19. hxg5 Bxg5 20. f4 exf4 21. gxf4 Bh6 22. Qd4 f6 23. e5 Qf5 24. Ne6 Qxe6 25. dxe6 Rxd4 26. Bxd4 Bxf4 27. exf6 Bxc1 28. Rxc1 Nxf6 29. Re1 c6 30. Bb6 Kg7 31. Kf2 Kg6 32. Re5 Bf5 33. Kg3 Rg8 34. Re1 Bxe6 35. Kf4 Kf7 36. Bf3 Bg4 37. Bc5 e6 38. Bh1 Bf5 39. Bf3 h4 40. b4 h3 41. a4 Rd8 42. b5 axb5 43. cxb5 cxb5 44. axb5 b6 45. Bf2 Rd2 46. Kg3 Nd5 47. Ra1 Rb2 48. Bh5+ Ke7 49. Bd4 Rb3+ 50. Kh2 Nf4 51. Ra7+ Kd6 52. Be8 Kd5 53. Bxb6 Rb2+ 54. Kg3 Ne2+ 55. Kf3 h2 56. Bc6+ Kc4 57. Ke3 Rb1 58. Ra1 Rb2 1/2-1/2

[Event "European Women Rapid-ch 2023"]
[Site "Monaco"]
[Date "2024.01.14"]
[Round "6.8"]
[White "Javakhishvili, Lela"]
[Black "Charkhalashvili, Inga"]
[Result "1/2-1/2"]
[ECO "E07"]
[WhiteElo "2433"]
[BlackElo "2239"]
[Annotator "RC"]
[PlyCount "76"]
[EventDate "2023.12.19"]
[EventType "swiss"]
[EventCountry "MNC"]
[SourceTitle "playchess.com"]
[Source "ChessBase"]
[SourceQuality "1"]
[TimeControl "900+10"]

1. d4 Nf6 2. Nf3 e6 3. c4 d5 4. Nc3 Be7 5. g3 O-O 6. Bg2 c6 7. O-O Nbd7 8. Nd2 b6 9. e4 dxc4 10. Nxc4 Ba6 11. Qb3 b5 12. Ne5 Nxe5 13. dxe5 Nd7 14. Rd1 Qc7 15. h4 Rad8 16. Bf4 Nc5 17. Qc2 b4 18. Ne2 Bd3 19. Qd2 Nxe4 20. Qe1 Bc5 21. Rxd3 Bxf2+ 22. Qxf2 Nxf2 23. Rxd8 Rxd8 24. Kxf2 c5 25. Be4 c4 26. a3 a5 27. axb4 axb4 28. Ra6 c3 29. bxc3 Qc4 30. Bb7 bxc3 31. Rd6 Rb8 32. Bf3 Rc8 33. Bb7 Rb8 34. Bf3 Qc5+ 35. Kg2 Rc8 36. Bb7 Rb8 37. Bf3 Rc8 38. Bb7 Rb8 1/2-1/2

[Event "European Women Rapid-ch 2023"]
[Site "Monaco"]
[Date "2024.01.14"]
[Round "6.9"]
[White "Salimova, Nurgyul"]
[Black "Sliwicka, Alicja"]
[Result "1/2-1/2"]
[ECO "B07"]
[WhiteElo "2426"]
[BlackElo "2311"]
[Annotator "RC"]
[PlyCount "160"]
[EventDate "2023.12.19"]
[EventType "swiss"]
[EventCountry "MNC"]
[SourceTitle "playchess.com"]
[Source "ChessBase"]
[SourceQuality "1"]
[TimeControl "900+10"]

1. d4 Nf6 2. Nf3 g6 3. g3 Bg7 4. Bg2 O-O 5. O-O d6 6. Nc3 Nbd7 7. e4 e5 8. dxe5 dxe5 9. a4 c6 10. b3 Qc7 11. Ba3 c5 12. Qe2 b6 13. Rfd1 a6 14. Nd2 Bb7 15. Nc4 Rfd8 16. Ne3 Nf8 17. Ncd5 Nxd5 18. exd5 e4 19. Rab1 f5 20. b4 Rac8 21. bxc5 bxc5 22. Qc4 Rd6 23. Bb2 Bxb2 24. Rxb2 Qf7 25. Bf1 Ba8 26. a5 Nd7 27. Qc3 Qg7 28. Qxg7+ Kxg7 29. Nc4 Rxd5 30. Rxd5 Bxd5 31. Ne3 Be6 32. Bxa6 Ra8 33. Bc4 Kf6 34. Rb5 Ke5 35. Bxe6 Kxe6 36. c4 Kd6 37. Kg2 Ra6 38. Nd5 Ne5 39. Rb6+ Rxb6 40. Nxb6 Kc6 41. Kf1 Kb7 42. Ke2 Ka6 43. Na4 Nd3 44. f3 Kxa5 45. fxe4 Nc1+ 46. Ke3 fxe4 47. Nxc5 Kb4 48. Nxe4 Kxc4 49. Nf6 h6 50. Ng4 Kd5 51. Nxh6 Ke5 52. h4 Nb3 53. g4 Nc5 54. Nf7+ Kf6 55. Nd6 Ne6 56. Ke4 Nc5+ 57. Kd5 Nd3 58. g5+ Ke7 59. Nc8+ Kf7 60. Ke4 Ne1 61. Kf4 Ng2+ 62. Kg3 Ne3 63. Kf3 Nf5 64. Kg4 Ne3+ 65. Kf4 Ng2+ 66. Kg3 Ne3 67. Nd6+ Ke6 68. Ne4 Kf5 69. Kf3 Nc4 70. Ng3+ Ke5 71. Nf1 Kf5 72. Ng3+ Ke5 73. Ne2 Nd2+ 74. Kg4 Nf1 75. Kf3 Nd2+ 76. Ke3 Nf1+ 77. Kf2 Nd2 78. Ng3 Kf4 79. h5 Kxg5 80. hxg6 Kxg6 1/2-1/2

[Event "European Women Rapid-ch 2023"]
[Site "Monaco"]
[Date "2024.01.14"]
[Round "6.10"]
[White "Stefanova, Antoaneta"]
[Black "Navrotescu, Andreea"]
[Result "1-0"]
[ECO "D02"]
[WhiteElo "2431"]
[BlackElo "2222"]
[Annotator "RC"]
[PlyCount "69"]
[EventDate "2023.12.19"]
[EventType "swiss"]
[EventCountry "MNC"]
[SourceTitle "playchess.com"]
[Source "ChessBase"]
[SourceQuality "1"]
[TimeControl "900+10"]

1. d4 d5 2. Bf4 Nf6 3. e3 c5 4. c3 Nc6 5. Nd2 e6 6. Ngf3 Bd6 7. Bg3 O-O 8. Bd3 Qe7 9. Ne5 Qc7 10. f4 c4 11. Bc2 Ne7 12. O-O b5 13. Bh4 Ng6 14. Bxf6 gxf6 15. Ng4 f5 16. Nh6+ Kh8 17. Rf3 f6 18. Rh3 Bd7 19. Kh1 b4 20. g4 fxg4 21. Qxg4 f5 22. Qg3 Be8 23. Nf3 bxc3 24. bxc3 Be7 25. Rg1 Rb8 26. Ne5 Bf6 27. Nxg6+ Bxg6 28. Bd1 Rb1 29. Qf2 Qb7 30. Qc2 Rb2 31. Qa4 Be8 32. Qa5 Rb1 33. Rhg3 Bg6 34. Qa4 Rc1 35. Qa3 1-0

[Event "European Women Rapid-ch 2023"]
[Site "Monaco"]
[Date "2024.01.14"]
[Round "6.11"]
[White "Vega Gutierrez, Sabrina"]
[Black "Rodriguez Redondo, Adhara"]
[Result "0-1"]
[ECO "C47"]
[WhiteElo "2378"]
[BlackElo "2130"]
[Annotator "RC"]
[PlyCount "82"]
[EventDate "2023.12.19"]
[EventType "swiss"]
[EventCountry "MNC"]
[SourceTitle "playchess.com"]
[Source "ChessBase"]
[SourceQuality "1"]
[TimeControl "900+10"]

1. e4 e5 2. Nf3 Nc6 3. Nc3 Nf6 4. g3 d5 5. exd5 Nxd5 6. Bg2 Nxc3 7. bxc3 Bd6 8. O-O O-O 9. d3 h6 10. Rb1 Rb8 11. h3 Be6 12. a4 Qd7 13. Kh2 Ne7 14. Re1 Ng6 15. d4 exd4 16. Nxd4 Ba2 17. Ra1 Bc4 18. Qh5 Rfe8 19. Rxe8+ Qxe8 20. Bd2 Bf8 21. Re1 Qxa4 22. Be4 Qa6 23. Rb1 c5 24. Nf5 Be2 25. Bf3 Bxf3 26. Qxf3 b5 27. h4 Qb7 28. Qe2 Qd7 29. Ne3 a6 30. Ra1 Qe6 31. f4 Ne7 32. Qf3 Rd8 33. Be1 Nd5 34. Ng4 Qf5 35. Rxa6 Qxc2+ 36. Kh3 Qc1 37. Qe2 Nxc3 38. Bxc3 Qxc3 39. Qxb5 Rd3 40. Ra8 Rxg3+ 41. Kh2 Rh3+ 0-1

[Event "European Women Rapid-ch 2023"]
[Site "Monaco"]
[Date "2024.01.14"]
[Round "6.12"]
[White "Schippke, Manon"]
[Black "Kulon, Klaudia"]
[Result "1-0"]
[ECO "C45"]
[WhiteElo "2162"]
[BlackElo "2323"]
[Annotator "RC"]
[PlyCount "119"]
[EventDate "2023.12.19"]
[EventType "swiss"]
[EventCountry "MNC"]
[SourceTitle "playchess.com"]
[Source "ChessBase"]
[SourceQuality "1"]
[TimeControl "900+10"]

1. e4 e5 2. Nf3 Nc6 3. d4 exd4 4. Nxd4 Nf6 5. Nxc6 bxc6 6. e5 Qe7 7. Qe2 Nd5 8. h4 d6 9. c4 Nb6 10. exd6 cxd6 11. Be3 Be6 12. Nd2 Qf6 13. O-O-O Rb8 14. Bg5 Qf5 15. Qe3 h6 16. Bf4 g5 17. hxg5 Bg7 18. Nb3 hxg5 19. Rxh8+ Bxh8 20. Bxd6 Rd8 21. Qf3 Qxf3 22. gxf3 Bxc4 23. Bh3 Be6 24. Bxe6 fxe6 25. Na5 Kf7 26. Kc2 Nd5 27. Nc4 Kg6 28. Bc5 a6 29. b3 Rd7 30. Rh1 Bg7 31. Re1 Kf5 32. Nd6+ Kf4 33. Rxe6 Kxf3 34. Nc4 Rc7 35. Nd2+ Kg4 36. Re4+ Kf5 37. Ra4 Be5 38. Rxa6 Nf4 39. Ra5 Ke6 40. Nf3 Bf6 41. Be3 Rg7 42. Nd4+ Bxd4 43. Bxd4 Rg6 44. Ra8 Nd5 45. a4 Kd6 46. Kd3 Rh6 47. Rg8 Nf4+ 48. Kc4 Ne6 49. Be3 Rh4+ 50. Kc3 Rh3 51. a5 Nc7 52. Rg6+ Kd7 53. Rxg5 Kc8 54. Rg7 Rh5 55. b4 Nd5+ 56. Kb3 Rh3 57. a6 Rh1 58. a7 Nc7 59. Rxc7+ Kxc7 60. a8=Q 1-0

[Event "European Women Rapid-ch 2023"]
[Site "Monaco"]
[Date "2024.01.14"]
[Round "6.13"]
[White "Rudzinska, Michalina"]
[Black "Unuk, Laura"]
[Result "0-1"]
[ECO "C62"]
[WhiteElo "2241"]
[BlackElo "2346"]
[Annotator "RC"]
[PlyCount "72"]
[EventDate "2023.12.19"]
[EventType "swiss"]
[EventCountry "MNC"]
[SourceTitle "playchess.com"]
[Source "ChessBase"]
[SourceQuality "1"]
[TimeControl "900+10"]

1. e4 e5 2. Nf3 Nc6 3. Bb5 d6 4. d4 exd4 5. Nxd4 Bd7 6. Nc3 Nxd4 7. Bxd7+ Qxd7 8. Qxd4 Ne7 9. Be3 Nc6 10. Qd2 g6 11. Nd5 O-O-O 12. Bg5 Be7 13. Nxe7+ Nxe7 14. O-O Qe6 15. Rfe1 a6 16. c4 f6 17. Be3 g5 18. Rac1 Ng6 19. b4 Rhe8 20. b5 Qxe4 21. bxa6 bxa6 22. Bxg5 Qf5 23. Be3 Ne5 24. c5 Rg8 25. Kf1 Rxg2 26. Qd5 Rg1+ 27. Kxg1 Nf3+ 28. Qxf3 Qxf3 29. Bf4 Qxf4 30. Rc3 Rg8+ 31. Rg3 Rxg3+ 32. hxg3 Qb4 33. Re8+ Kd7 34. Rh8 dxc5 35. Rxh7+ Kc6 36. Rf7 Qd4 0-1

[Event "European Women Rapid-ch 2023"]
[Site "Monaco"]
[Date "2024.01.14"]
[Round "6.14"]
[White "Zimina, Olga"]
[Black "Garcia Martin, Marta"]
[Result "0-1"]
[ECO "D02"]
[WhiteElo "2291"]
[BlackElo "2342"]
[Annotator "RC"]
[PlyCount "84"]
[EventDate "2023.12.19"]
[EventType "swiss"]
[EventCountry "MNC"]
[SourceTitle "playchess.com"]
[Source "ChessBase"]
[SourceQuality "1"]
[TimeControl "900+10"]

1. d4 Nf6 2. Nf3 c5 3. c3 d5 4. dxc5 e6 5. Be3 a5 6. b4 axb4 7. cxb4 b6 8. Nbd2 bxc5 9. bxc5 Nc6 10. Nd4 Bd7 11. N2b3 e5 12. Nxc6 Bxc6 13. Bg5 h6 14. Bxf6 Qxf6 15. e3 Qg5 16. Qf3 g6 17. h4 Qe7 18. h5 Bg7 19. hxg6 fxg6 20. Qg3 Qf6 21. Be2 O-O 22. O-O Ra3 23. Bf3 Qf7 24. Bg4 h5 25. Be2 Rfa8 26. Bd3 e4 27. Be2 Bxa1 28. Nxa1 Rxa2 29. Bxh5 Rxa1 30. Bxg6 Rxf1+ 31. Kxf1 Qg7 32. Kg1 Rf8 33. Qd6 Qf6 34. Qg3 Qg7 35. Qd6 Rf6 36. Qb8+ Qf8 37. Qg3 Qg7 38. Qb8+ Rf8 39. Qd6 Qa1+ 40. Kh2 Qf6 41. Qg3 Qg7 42. Kg1 Be8 0-1

[Event "European Women Rapid-ch 2023"]
[Site "Monaco"]
[Date "2024.01.14"]
[Round "6.15"]
[White "Hoang, Thanh Trang"]
[Black "Zvereva, Marija"]
[Result "1-0"]
[ECO "A46"]
[WhiteElo "2382"]
[BlackElo "2049"]
[Annotator "RC"]
[PlyCount "55"]
[EventDate "2023.12.19"]
[EventType "swiss"]
[EventCountry "MNC"]
[SourceTitle "playchess.com"]
[Source "ChessBase"]
[SourceQuality "1"]
[TimeControl "900+10"]

1. d4 Nf6 2. Nf3 b5 3. Bf4 e6 4. e3 a6 5. Bd3 c5 6. c3 Bb7 7. Nbd2 d5 8. O-O Be7 9. dxc5 Bxc5 10. Qc2 O-O 11. e4 dxe4 12. Nxe4 Nxe4 13. Bxe4 Bxe4 14. Qxe4 Nd7 15. Rad1 Nf6 16. Qc2 Qe7 17. b4 Nh5 18. Be5 f6 19. bxc5 fxe5 20. Nxe5 Nf4 21. Qe4 Rac8 22. c6 Qg5 23. g3 Rf5 24. Nf3 Qg4 25. Kh1 Rcf8 26. c7 Qh3 27. gxf4 Rxf4 28. Qxf4 1-0